 Dungeon Crawl Stone Soup version 0.25-a0-294-gea9b1ad (webtiles) character file.

Game seed: 12399108878435269607, levelgen mode: deterministic

2069 MrTaco21 the Basher (level 9, -4/54 HPs)
             Began as a Gargoyle Fighter on Dec 17, 2019.
             Was an Initiate of Gozag.
             Slain by an orc warrior
             ... wielding a +0 short sword
              (8 damage)
             ... on level 6 of the Dungeon.
             The game lasted 00:14:02 (7977 turns).

MrTaco21 the Basher (Gargoyle Fighter)              Turns: 7977, Time: 00:14:03

Health: -4/54      AC: 13    Str: 23    XL:     9   Next: 26%
Magic:  9/9        EV: 13    Int:  9    God:    Gozag
Gold:   496        SH: 10    Dex: 14    Spells: 8/8 levels left

rFire    . . .     SeeInvis .   w - +0 flail (holy)
rCold    . . .     Gourm    .   c - +0 shield
rNeg     + . .     Faith    .   b - +0 scale mail
rPois    ∞         Spirit   .   (no helmet)
rElec    +         Reflect  .   (no cloak)
rCorr    .         Harm     .   (no gloves)
MR       .....                  (no boots)
Stlth    +.........             (no amulet)
HPRegen  0.18/turn              (no ring)
MPRegen  0.11/turn              (no ring)

@: agile
A: negative energy resistance 1, electricity resistance, unbreathing,
petrification resistance, rot immunity, AC +6
a: Potion Petition, Call Merchant, Bribe Branch, Renounce Religion


You were on level 6 of the Dungeon.
You worshipped Gozag.
Gozag was aware of your devotion.
You were completely stuffed.

You visited 1 branch of the dungeon, and saw 7 of its levels.

You collected 547 gold pieces.
You paid 51 gold pieces to Gozag.

Inventory:

Hand Weapons
 w - a +0 flail of holy wrath (weapon)
   (You took it off Edmund on level 4 of the Dungeon)
Armour
 b - a +0 scale mail (worn)
 c - a +0 shield (worn)
Jewellery
 i - a +1 ring of evasion {unknown}
   (You found it on level 1 of the Dungeon)
 p - an uncursed ring of stealth {unknown}
   (You found it on level 2 of the Dungeon)
 x - an uncursed ring of poison resistance {unknown}
   (You found it on level 7 of the Dungeon)
Scrolls
 a - a scroll of fear {unknown}
 f - a scroll of enchant weapon {unknown}
 h - a scroll of random uselessness {unknown}
 k - a scroll of blinking {unknown}
 q - 3 scrolls of identify {unknown}
 r - a scroll of immolation {unknown}
 s - a scroll of noise {unknown}
 t - 2 scrolls of teleportation {unknown}
 v - a scroll of fog {unknown}
 y - a scroll of amnesia {unknown}
Potions
 d - 2 potions of might
 g - 2 potions of flight {unknown}
 j - a potion of resistance {unknown}
 l - 2 potions of magic {unknown}
 m - 3 potions of agility
 n - a potion of haste {unknown}
 o - 3 potions of curing {unknown}
 u - 3 potions of heal wounds {unknown}
Comestibles
 e - 4 rations {!d}


   Skills:
 + Level 5.5 Fighting
 + Level 9.8 Maces & Flails
 + Level 5.4 Armour
 + Level 5.4 Shields


You had 8 spell levels left.
You didn't know any spells.
Your spell library was empty.

Dungeon Overview and Level Annotations

Branches:
Dungeon (7/15)
 Temple: D:4-7

Altars:
Ashenzari
Dithmenos
Elyvilon
Gozag
Hepliaklqana
Kikubaaqudgha
Makhleb
Nemelex Xobeh
Qazlal
Ru
Trog
Uskayaw
Vehumet
Xom

Shops:
D:4 (


Innate Abilities, Weirdness & Mutations

You are resistant to torment.
Your stone body is resilient. (AC +6)
You are immune to poison.
You resist negative energy. (rN+)
You are resistant to electric shocks. (rElec)
You can survive without breathing.
You are immune to petrification.
You are immune to rotting.


Message History

You hit the orc warrior.
The orc is no longer distracted by gold.
The orc hits you with a +0 short sword. The orc hits you but does no damage.
You block the quokka's attack.
The orc warrior hits you but does no damage.
The orc barely misses you.
You hit the orc warrior but do no damage.
The crimson imp is no longer distracted by gold.
You block the orc's attack. The orc hits you.
The quokka bites you but does no damage.
The orc warrior hits you with a +0 short sword!
* * * LOW HITPOINT WARNING * * *
The orc hits you but does no damage. You block the orc's attack.
The quokka closely misses you. The orc hits you but does no damage.
The orc warrior hits you but does no damage.
You climb upwards.
There is a stone staircase leading down here.
Unknown command.
You are too injured to fight recklessly!
You barely miss the orc warrior. The quokka barely misses you.
You block the orc's attack. The orc barely misses you.
You block the orc's attack.
The orc warrior hits you but does no damage.
The quokka bites you but does no damage.
You hit the orc warrior. The orc hits you but does no damage. x2
You block the orc's attack. You block the orc warrior's attack.
The quokka completely misses you.
You hit the orc warrior. You block the orc's attack. x2
The orc barely misses you.
The orc warrior hits you with a +0 short sword.
* * * LOW HITPOINT WARNING * * *
You block the quokka's attack.
You barely miss the orc warrior. The orc hits you with a +0 short sword.
* * * LOW HITPOINT WARNING * * *
You block the orc's attack.
The quokka bites you but does no damage.
The orc warrior hits you but does no damage.
You block the orc's attack.
You barely miss the orc warrior. The orc closely misses you.
You block the orc's attack. You block the quokka's attack.
The orc warrior hits you with a +0 short sword!
* * * LOW HITPOINT WARNING * * *
It was a potion of agility.
You feel agile all of a sudden. The orc barely misses you.
The orc hits you but does no damage. You block the quokka's attack.
The orc hits you but does no damage.
The orc warrior hits you with a +0 short sword!
You die...
Your body crumbles into a pile of gold.

####>.#...............##
####.#................###
#....#..................#
###.####...............##.#
#...# #..................#
##### #...............#...
##.............##...
##o....#.....######
##@r...####### ##ooo####
#...## #####


You could see an orc warrior, 3 orcs and a quokka.

Vanquished Creatures
  Edmund (D:4)
  An orc warrior (D:7)
  An ice beast (D:5)
  A sky beast (D:5)
  4 black bears
  A phantom (D:4)
  An ogre (D:6)
  A centaur (D:5)
  A bullfrog (D:6)
  A scorpion (D:6)
  4 howler monkeys
  4 crimson imps
  2 orc priests
  A centaur skeleton (D:5)
  A hound (D:6)
  3 orc wizards
  A bullfrog skeleton (D:5)
  7 worker ants
  A howler monkey zombie (D:5)
  4 gnolls
  6 adders
  2 shadow imps (D:5)
  2 adder skeletons (D:6)
  3 worms
  2 dart slugs (D:1)
  5 leopard geckos
  19 orcs
  10 bats
  4 giant cockroaches
  8 goblins
  8 hobgoblins
  6 jackals
  2 quokkas (D:3)
  3 ball pythons
  9 frilled lizards
  5 kobolds
  A leopard gecko skeleton (D:5)
  12 rats
148 creatures vanquished.

Notes
Turn   | Place    | Note
-------+----------+-------------------------------------------
     0 | D:1      | MrTaco21 the Gargoyle Fighter began the quest for the Orb.
     0 | D:1      | Reached XP level 1. HP: 14/14 MP: 1/1
    37 | D:1      | Reached XP level 2. HP: 12/19 MP: 2/2
   133 | D:1      | Reached skill level 3 in Maces & Flails
   407 | D:1      | Reached XP level 3. HP: 23/23 MP: 3/3
   849 | D:2      | Reached skill level 4 in Maces & Flails
  1046 | D:2      | Reached XP level 4. HP: 26/28 MP: 4/4
  2110 | D:3      | Reached skill level 5 in Maces & Flails
  2110 | D:3      | Reached XP level 5. HP: 30/32 MP: 5/5
  2197 | D:3      | Found a stormy altar of Qazlal.
  3136 | D:3      | Found a shadowy altar of Dithmenos.
  3159 | D:3      | Found an ancient bone altar of Kikubaaqudgha.
  3428 | D:3      | Found a faded altar of an unknown god.
  3455 | D:3      | Found a shattered altar of Ashenzari.
  3490 | D:3      | Reached skill level 6 in Maces & Flails
  3865 | D:4      | Noticed an ogre
  4346 | D:4      | Reached XP level 6. HP: 32/37 MP: 6/6
  4433 | D:4      | Found Ocuoniz's Antique Weapon Boutique.
  4540 | D:4      | Noticed Edmund
  4600 | D:4      | Noticed a phantom
  4637 | D:4      | Killed Edmund
  4637 | D:4      | Reached skill level 7 in Maces & Flails
  4653 | D:4      | Killed a phantom
  4653 | D:4      | Reached XP level 7. HP: 19/41 MP: 7/7
  4958 | D:4      | Found a white marble altar of Elyvilon.
  5294 | D:5      | Entered Level 5 of the Dungeon
  5368 | D:5      | Found an opulent altar of Gozag.
  5405 | D:5      | Reached skill level 8 in Maces & Flails
  5604 | D:5      | Became a worshipper of Gozag Ym Sagoz the Greedy
  5866 | D:5      | Reached skill level 9 in Maces & Flails
  5866 | D:5      | Reached XP level 8. HP: 46/46 MP: 8/8
  6697 | D:5      | Found a sacrificial altar of Ru.
  6697 | D:5      | Found a shimmering altar of Xom.
  6702 | D:5      | Found a faded altar of an unknown god.
  6704 | D:5      | Found a hide-covered altar of Uskayaw.
  6705 | D:5      | Found a sparkling altar of Nemelex Xobeh.
  7465 | D:6      | Found a bloodstained altar of Trog.
  7479 | D:6      | Reached skill level 5 in Fighting
  7479 | D:6      | Reached skill level 5 in Armour
  7479 | D:6      | Reached skill level 5 in Shields
  7479 | D:6      | Reached XP level 9. HP: 41/54 MP: 9/9
  7635 | D:6      | Found a radiant altar of Vehumet.
  7636 | D:6      | Found a burning altar of Makhleb.
  7716 | D:7      | Found a hazy altar of Hepliaklqana.
  7977 | D:6      | Slain by an orc warrior

Levels and vault maps discovered:
D:1:      sevenhm_arrival_forest_fort_large_4, layout_loops_ring,
          serial_bayou_pond_d
D:2:      layout_basic
D:3:      layout_basic, old_standard_altar, grunt_dithmenos_smoke,
          marbit_many_paths, chequers_ecumenical_altar_twisty,
          evilmike_ruin_ashenzari
D:4:      layout_gridville, kennysheep_mini, serial_shops, shop, first_ration,
          minmay_misc_feat_square, uniq_edmund
D:5:      layout_basic, chequers_temple_overflow_minitemple, grunt_gozag_statues
D:6:      layout_rooms, grunt_temple_overflow_lords_of_destruction,
          hangedman_decor_clover_reticule, hangedman_decor_opposing,
          serial_bayou_pond_e, trog_ov_bears_minmay
D:7:      layout_loops_corners, nicolae_overflow_hidden_temple,
          old_standard_altar, minmay_temple_entry_offerings, enter_bailey_6

Skill      XL: |  1  2  3  4  5  6  7  8 |
---------------+-------------------------+-----
Maces & Flails | 3 4 5 6 7 9 |  9.8
Fighting       | 5 |  5.5
Armour         | 5 |  5.4
Shields        | 5 |  5.4

Action                   |  1- 3 |  4- 6 |  7- 9 || total
-------------------------+-------+-------+-------++-------
Melee: Flail             |   149 |   239 |   294 ||   682
       Unarmed           |       |     6 |       ||     6
  Use: Potion            |       |       |     1 ||     1
 Stab: Distracted        |       |       |     1 ||     1
  Eat: Chunk             |     1 |     9 |     2 ||    12
       Ration            |       |     1 |     5 ||     6
Armor: Scale mail        |    78 |   111 |   163 ||   352
Dodge: Dodged            |    55 |    85 |    98 ||   238
Block: Shield            |    76 |   128 |   159 ||   363

Table legend:
 A = Non-vault XP
 B = Vault XP
 C = Vault XP percentage of total XP
 D = Non-vault monster count
 E = Vault monster count
 F = Vault count percentage of total count
                 A         B        C        D         E       F
            +---------+---------+-------+---------+---------+-------
      Total |    2492 |     464 |  15.7 |     143 |       5 |   3.4
            +---------+---------+-------+---------+---------+-------
        D:1 |      49 |       0 |   0.0 |      27 |       0 |   0.0
        D:2 |     144 |       0 |   0.0 |      30 |       0 |   0.0
        D:3 |     116 |       2 |   1.7 |      27 |       1 |   3.6
        D:4 |     230 |     164 |  41.6 |       8 |       1 |  11.1
        D:5 |    1071 |       0 |   0.0 |      31 |       0 |   0.0
        D:6 |     704 |     298 |  29.7 |      18 |       3 |  14.3
        D:7 |     178 |       0 |   0.0 |       2 |       0 |   0.0
            +---------+---------+-------+---------+---------+-------
